AoeStats
← 老雞白

Lombardia

510096408Analyzed
3v3 RM · 3d ago on Sep 29, 2026· 65m 8s· 6 players
Game mode
Random Map
Map size
Normal (6 player)
Population
200
Speed
Normal
Resources
Standard
Victory
Conquest
Starting age
Dark Age
Ending age
Imperial Age
RankedLock teamsTeams togetherTeam positionsShared explorationLock speedFull tech treeHidden civsTurbo modeCheats
Victory
Defeat
🇹🇼 Poles · Taiwan
1216
+9
🇹🇼 Tatars · Taiwan
1099
+14
🇹🇼 Goths · Taiwan
1041
+16
🇨🇳 Persians · China
1054
-13
🇭🇺 Varangians · Hungary
1047
-13
🇭🇰 Ethiopians · Hong Kong SAR China
1041
-13
llrobot
11:42 Feudal Age
12:09 Loom
17:01 Castle Age
14:47 Horse Collar
15:41 Double-Bit Axe
19:11 Heavy Plow
20:34 Gold Mining
24:58 Bloodlines
27:56 Wheelbarrow
28:52 Hand Cart
29:54 Husbandry
30:01 Scale Barding Armor
29:57 Stone Mining
31:25 Gold Shaft Mining
31:04 Forging
31:59 Town Watch
32:36 Chain Barding Armor
35:28 Iron Casting
37:27 Fletching
37:41 Light Cavalry
43:30 Imperial Age
44:13 Guilds
43:28 Cavalier
46:38 Plate Barding Armor
47:14 Blast Furnace
46:44 Conscription
47:05 Hoardings
48:04 Savar
56:24 Hussar
56:28 Crossbowman
57:14 Thumb Ring
58:00 Citadels
58:42 Padded Archer Armor
GuZ
10:42 Feudal Age
11:46 Loom
12:59 Double-Bit Axe
14:43 Scale Barding Armor
14:51 Bloodlines
22:39 Castle Age
21:15 Horse Collar
21:54 Gold Mining
28:47 Chain Barding Armor
29:06 Wheelbarrow
28:16 Town Watch
28:41 Husbandry
32:03 Bow Saw
40:29 Heavy Plow
41:40 Pikeman
43:49 Stone Mining
45:34 Fortified Wall
48:56 Imperial Age
48:05 Hand Cart
47:52 Town Patrol
48:08 Forging
47:54 Gambesons
48:09 Squires
47:55 Arson
48:15 Scale Mail Armor
49:09 Cavalier
49:14 Elite Varangian Guard
51:08 Chain Mail Armor
50:46 Fletching
52:58 Vendel Legacy
54:00 Conscription
57:51 Plate Barding Armor
57:52 Iron Casting
57:52 Plate Mail Armor
58:41 Elite Skirmisher
59:27 Padded Archer Armor
59:23 Bodkin Arrow
60:42 Chemistry
61:49 Two-Man Saw
61:21 Crop Rotation
63:19 Caravan
63:30 Guilds
64:02 Leather Archer Armor
yihua8995
10:49 Feudal Age
11:33 Double-Bit Axe
11:30 Horse Collar
12:06 Loom
15:01 Fletching
20:21 Castle Age
19:04 Padded Archer Armor
21:34 Wheelbarrow
21:14 Bodkin Arrow
20:45 Crossbowman
21:41 Gold Mining
22:10 Bow Saw
23:03 Stone Mining
24:28 Leather Archer Armor
28:14 Heavy Plow
31:00 Imperial Age
30:31 Town Watch
31:15 Arbalester
32:40 Ballistics
33:06 Bracer
35:12 Thumb Ring
39:23 Hand Cart
39:59 Conscription
39:44 Torsion Engines
39:54 Town Patrol
41:41 Chemistry
40:52 Masonry
45:22 Two-Man Saw
47:09 Ring Archer Armor
46:39 Scale Mail Armor
46:50 Forging
51:34 Architecture
51:54 Chain Mail Armor
51:02 Elite Skirmisher
52:26 Murder Holes
57:10 Gold Shaft Mining
世紀垃圾
6:04 Loom
9:22 Feudal Age
10:14 Double-Bit Axe
10:12 Man-at-Arms
11:48 Horse Collar
21:31 Castle Age
20:12 Scale Mail Armor
20:23 Forging
22:46 Bow Saw
22:40 Heavy Plow
22:05 Long Swordsman
23:08 Chain Mail Armor
32:06 Wheelbarrow
33:20 Squires
37:25 Imperial Age
36:03 Anarchy
36:41 Iron Casting
36:27 Gold Mining
36:48 Pikeman
38:06 Hand Cart
39:22 Conscription
38:49 Elite Huskarl
39:40 Town Watch
40:57 Blast Furnace
44:17 Stone Mining
45:31 Halberdier
48:35 Perfusion
52:35 Stone Shaft Mining
52:06 Town Patrol
52:18 Caravan
64:38 Chemistry
老雞白
7:19 Loom
11:31 Feudal Age
12:28 Double-Bit Axe
15:28 Castle Age
15:22 Horse Collar
16:23 Bow Saw
20:39 Bloodlines
20:37 Scale Barding Armor
25:09 Szlachta Privileges
25:17 Forging
25:46 Husbandry
26:42 Chain Barding Armor
27:57 Gold Mining
29:55 Iron Casting
30:52 Town Watch
31:59 Wheelbarrow
32:28 Heavy Plow
37:17 Imperial Age
36:05 Elite Skirmisher
36:48 Padded Archer Armor
36:39 Fletching
36:49 Light Cavalry
38:09 Hand Cart
39:22 Bodkin Arrow
41:05 Blast Furnace
39:28 Cavalier
41:24 Conscription
41:42 Lechitic Legacy
41:13 Pikeman
41:56 Bracer
46:36 Scale Mail Armor
47:44 Winged Hussar
52:26 Caravan
53:54 Chain Mail Armor
56:22 Squires
62:01 Crop Rotation
61:11 Capped Ram
64:22 Siege Ram
小蝦米跟大鯨魚
8:02 Loom
12:52 Feudal Age
18:06 Castle Age
16:04 Gold Mining
16:00 Double-Bit Axe
17:48 Stone Mining
24:04 Horse Collar
29:37 Fletching
30:07 Pikeman
37:57 Bow Saw
37:59 Squires
37:57 Bodkin Arrow
38:03 Padded Archer Armor
38:18 Silk Armor
39:42 Masonry
44:32 Imperial Age
42:45 Wheelbarrow
41:57 Town Watch
43:48 Elite Skirmisher
45:10 Heavy Cavalry Archer
46:33 Bracer
46:48 Leather Archer Armor
47:02 Hand Cart
49:32 Conscription
49:27 Timurid Siegecraft
49:29 Caravan
51:16 Town Patrol
51:51 Ring Archer Armor
52:56 Chemistry
52:22 Ballistics
55:30 Forging
55:20 Scale Mail Armor
57:28 Heavy Plow
60:13 Iron Casting
59:46 Scale Barding Armor
61:34 Halberdier
63:19 Blast Furnace
Connection lost

Rejoining the realm…

Still unreachable

The connection could not be restored.

Session expired

The server has moved on; the page needs a fresh start.